 Dungeon Crawl Stone Soup version 0.21.1-1-g345015f (webtiles) character file.

10767 doot the Destroyer (level 11, -10/62 HPs)
             Began as a Tengu Conjurer on July 15, 2018.
             Was a Priest of Vehumet.
             Hit by a large rock thrown by a stone giant (28 damage)
             ... on level 1 of the Orcish Mines.
             The game lasted 00:57:15 (12264 turns).

doot the Destroyer (Tengu Conjurer)                Turns: 12264, Time: 00:57:15

Health: -10/62     AC: 11    Str: 10    XL:     11   Next: 67%
Magic:  28/30      EV: 14    Int: 20    God:    Vehumet [***...]
Gold:   816        SH:  5    Dex: 19    Spells: 0/22 levels left

rFire    . . .     SeeInvis .   K - +9 trident "Yduocux" {speed, rPois}
rCold    . . .     Gourm    .   (no shield)
rNeg     . . .     Faith    .   I - +1 ring mail "Ussoh" {rPois Int+3 Dex+4 Stlth-}
rPois    +         Spirit   .   M - +1 hat
rElec    .         Reflect  +   (no cloak)
rCorr    .         Harm     .   q - +2 pair of gloves
MR       .....                  (boots unavailable)
Stlth    +++.......             t - +5 amulet of reflection
HPRegen  0.20/turn              D - ring of stealth
MPRegen  0.22/turn              H - ring of magical power

@: very slightly contaminated
A: beak, talons 3, able to fly 1
a: Fly, Renounce Religion


You were on level 1 of the Orcish Mines.
You worshipped Vehumet.
Vehumet was most pleased with you.
You were not hungry.

You visited 4 branches of the dungeon, and saw 13 of its levels.
You also visited: Sewer.

You collected 816 gold pieces.

Inventory:

Hand Weapons
 i - a +0 mace
 n - a +0 trident
 o - a +0 dagger of speed
 y - a +3 dagger of venom
 A - a +4 spear
 K - the +9 trident "Yduocux" (weapon) {speed, rPois}
   (You found it on level 7 of the Dungeon)

   Attacks with this weapon are significantly faster.
   It protects you from poison.
Missiles
 F - 8 javelins (quivered)
Armour
 a - a +0 robe
 q - a +2 pair of gloves (worn)
 B - a +0 leather armour of magic resistance
 I - the +1 ring mail "Ussoh" (worn) {rPois Int+3 Dex+4 Stlth-}
   (You found it on level 6 of the Dungeon)

   It affects your intelligence (+3).
   It affects your dexterity (+4).
   It protects you from poison.
   It makes you less stealthy.
 M - a +1 hat (worn)
Jewellery
 d - an uncursed ring of flight
 m - an uncursed ring of protection from magic
 t - a +5 amulet of reflection (around neck)
 D - a ring of stealth (left hand)
 H - a ring of magical power (right hand)
Wands
 g - a wand of flame (15)
 u - a wand of disintegration (17)
 v - a wand of polymorph (20)
 L - a wand of random effects (23)
Scrolls
 e - a scroll of fear {unknown}
 h - 4 scrolls of remove curse
 j - 10 scrolls of identify
 p - 2 scrolls of noise
 s - a scroll of amnesia {unknown}
 w - a scroll of summoning
 E - a scroll of enchant armour {unknown}
 Q - a scroll of immolation
 T - a scroll of brand weapon {unknown}
Potions
 k - 6 potions of heal wounds
 l - a potion of curing
 r - 2 potions of degeneration
 x - 2 potions of haste
 z - a potion of brilliance
 C - 2 potions of flight
 J - a potion of invisibility {unknown}
 R - 2 potions of cancellation {unknown}
 S - a potion of mutation {unknown}
Books
 b - a book of Conjurations

   Spells                             Type                      Level
   a - Magic Dart                     Conjuration                  1
   b - Searing Ray                    Conjuration                  2
   c - Dazzling Spray                 Conjuration/Hexes            3
   d - Fulminant Prism                Conjuration/Hexes            4
   e - Force Lance                    Conjuration/Translocation    4
   f - Iskenderun's Mystic Blast      Conjuration                  4
 G - a book of Air

   Spells                             Type                      Level
   a - Shock                          Conjuration/Air              1
   b - Swiftness                      Charms/Air                   2
   c - Static Discharge               Conjuration/Air              3
   d - Airstrike                      Air                          4
   e - Lightning Bolt                 Conjuration/Air              5
 N - a book of Maledictions

   Spells                             Type                      Level
   a - Corona                         Hexes                        1
   b - Ensorcelled Hibernation        Hexes/Ice                    2
   c - Confuse                        Hexes                        3
   d - Tukima's Dance                 Hexes                        3
   e - Dazzling Spray                 Conjuration/Hexes            3
 P - a book of Callings

   Spells                             Type                      Level
   a - Summon Small Mammal            Summoning                    1
   b - Call Imp                       Summoning                    2
   c - Call Canine Familiar           Summoning                    3
   d - Summon Guardian Golem          Hexes/Summoning              3
   e - Summon Lightning Spire         Summoning/Air                4
   f - Summon Ice Beast               Ice/Summoning                4
Miscellaneous
 O - a phantom mirror
Comestibles
 c - 22 rations


   Skills:
 + Level 4.3 Fighting
 + Level 1.9 Short Blades
 + Level 9.1 Polearms
 + Level 1.5 Throwing
 + Level 5.5 Armour
 + Level 5.9 Dodging
 + Level 6.4 Stealth
 + Level 6.1 Spellcasting
 + Level 10.0 Conjurations
 + Level 0.8 Hexes
 + Level 1.9 Summonings
 * Level 9.8 Air Magic


You couldn't memorise any spells.
You knew the following spells:

 Your Spells              Type           Power        Failure   Level  Hunger
a - Magic Dart            Conj           ####         1%          1    None
b - Searing Ray           Conj           #####.       1%          2    None
c - Dazzling Spray        Conj/Hex       ####..       2%          3    ##.....
d - Iskenderun's Mystic   Conj           #####...     1%          4    ####...
e - Lightning Bolt        Conj/Air       #####.....   3%          5    #####..
f - Summon Lightning Spi  Summ/Air       ####....     22%         4    ####...
g - Mephitic Cloud        Conj/Pois/Air  ####....     1%          3    ##.....


Dungeon Overview and Level Annotations

Branches:
Dungeon (10/15)            Temple (1/1) D:6            Lair (1/6) D:10
    Orc (1/2) D:9

Altars:
Ashenzari
Cheibriados
Dithmenos
Elyvilon
Fedhas
Gozag
Kikubaaqudgha
Makhleb
Nemelex Xobeh
Okawaru
Qazlal
Ru
Sif Muna
Uskayaw
Vehumet
Wu Jian
Xom
Yredelemnul
Zin
The Shining One

Shops:
D:4 :


Innate Abilities, Weirdness & Mutations

You have a beak for a mouth.
You have claws for feet.
You can fly.


Message History

Confirm with . or Enter, or press ? or * to list all spells.
Aiming: Mephitic Cloud
Press: ? - help, Shift-Dir - straight line The ball explodes into a vile cloud!
The stinking cloud engulfs the stone giant.
You hear a shout!
The stone giant is engulfed in noxious fumes.
The stone giant throws a large rock.
The large rock barely misses you.
The stone giant is engulfed in noxious fumes.
The stone giant is engulfed in noxious fumes.
The stone giant throws a large rock.
The large rock hits you!!
Ouch! That really hurt!
* * * LOW HITPOINT WARNING * * *
You see here a large rock.
Blink to where?
Press: ? - help, Dir - move target cursor You are very lightly contaminated with residual magic.
As you read the scroll of blinking, it crumbles to dust.
The stone giant throws a large rock.
The large rock hits you!!
You die...

#...#....#........
#.......#.........
#..[.............
##...).[.......##
##.#)..C..#...#
#.)..[.....#.##
##)#...#...###
##[......(..#
#.@....#.#.##
##÷.....(##(#
#####......§## ..
#...........# .##
#.######...## ##
#.# ###.#.## #.#
#......##
#.##$...#...#
#.#....##....#


You could see a stone giant.

Vanquished Creatures
  A hydra (Lair:1)
  2 two-headed ogres (D:10)
  A komodo dragon (Lair:1)
  A hornet (D:10)
  A wyvern (D:10)
  4 hogs (D:7)
  A wraith (D:8)
  20 yaks
  A human (D:7)
  A hungry ghost (D:10)
  An orc warrior (Orc:1)
  2 black bears
  3 ice beasts
  2 sky beasts
  5 ogres
  A centaur (D:9)
  2 big kobolds
  5 bullfrogs
  2 scorpions (D:7)
  12 killer bees
  6 wights (D:8)
  4 crimson imps
  A centaur zombie (D:10)
  4 human zombies (D:8)
  7 hounds
  A quasit (D:8)
  An orc priest (D:10)
  3 jellies
  10 orc wizards
  A bullfrog skeleton (D:7)
  A centaur skeleton (D:5)
  3 iguanas
  Ijyb (D:4)
  Terence (D:2)
  A human skeleton (D:8)
  3 worker ants
  2 hound zombies
  2 mummies (D:8)
  A worker ant zombie (D:10)
  13 adders
  A gnoll (D:6)
  5 river rats
  A shadow imp (D:7)
  2 oozes (D:2)
  An adder skeleton (D:6)
  4 worms (D:6)
  5 dart slugs
  9 leopard geckos
  20 orcs
  3 giant cockroaches
  13 hobgoblins
  12 jackals
  13 kobolds
  3 quokkas
  5 ball pythons (D:2)
  5 bats
  3 frilled lizards
  7 goblins
  A jackal skeleton (D:7)
  An orc zombie (D:8)
  10 rats
  A butterfly (D:6)
  A plant (D:10)
260 creatures vanquished.

Vanquished Creatures (collateral kills)
  A troll (Orc:1)
  A porcupine (Lair:1)
  2 orc warriors (Orc:1)
  2 ogres (Orc:1)
  An orc priest (Orc:1)
  3 orcs (Orc:1)
10 creatures vanquished.

Vanquished Creatures (others)
  A quokka (D:4)
  A kobold (Sewer)
  A fungus (Lair:1)
3 creatures vanquished.

Grand Total: 273 creatures vanquished

Notes
Turn   | Place    | Note
-------+----------+-------------------------------------------
     0 | D:1      | doot the Tengu Conjurer began the quest for the Orb.
     0 | D:1      | Reached XP level 1. HP: 10/10 MP: 4/4
    54 | D:1      | Reached XP level 2. HP: 9/15 MP: 0/6
   146 | D:1      | Learned a level 2 spell: Searing Ray
   422 | D:1      | Reached skill level 6 in Conjurations
   582 | D:1      | Reached XP level 3. HP: 15/19 MP: 0/7
  1212 | D:2      | Learned a level 3 spell: Dazzling Spray
  1407 | D:2      | Reached XP level 4. HP: 24/24 MP: 1/8
  1514 | D:2      | Found a burning altar of Makhleb.
  1522 | D:2      | Found an ornate altar of the Wu Jian Council.
  1947 | D:2      | Noticed Terence
  1975 | D:2      | Reached skill level 7 in Conjurations
  2232 | D:3      | Gained mutation: You can fly. [Tengu growth]
  2232 | D:3      | Reached XP level 5. HP: 25/28 MP: 2/9
  2784 | D:2      | Killed Terence
  3491 | D:4      | Noticed Ijyb
  3563 | D:4      | Killed Ijyb
  3568 | D:4      | Found Noazommo's Book Shoppe.
  3664 | D:4      | Found a white marble altar of Elyvilon.
  3674 | D:4      | Reached skill level 1 in Fighting
  3698 | D:4      | Noticed an ogre
  3832 | D:4      | Reached skill level 1 in Polearms
  3832 | D:4      | Reached XP level 6. HP: 34/34 MP: 5/10
  4183 | D:5      | Entered Level 5 of the Dungeon
  4817 | D:5      | Reached skill level 1 in Short Blades
  4862 | D:5      | Reached XP level 7. HP: 38/38 MP: 11/11
  4868 | D:5      | Learned a level 4 spell: Iskenderun's Mystic Blast
  5666 | D:6      | Found a glowing drain.
  5674 | Sewer    | Entered a sewer
  6038 | Sewer    | Found a white marble altar of Elyvilon.
  6232 | D:6      | Reached skill level 1 in Armour
  6309 | D:6      | Reached XP level 8. HP: 42/43 MP: 1/13
  6329 | D:6      | Found a staircase to the Ecumenical Temple.
  6365 | Temple   | Entered the Ecumenical Temple
  6569 | Temple   | Became a worshipper of Vehumet
  6807 | D:6      | Found a snail-covered altar of Cheibriados.
  6924 | D:6      | Identified the +1 ring mail "Ussoh" {rPois Int+3 Dex+4 Stlth-} (You found it on level 6 of the Dungeon)
  6967 | D:6      | Reached skill level 1 in Throwing
  7323 | D:6      | Reached skill level 5 in Polearms
  7431 | D:6      | Reached skill level 5 in Dodging
  8118 | D:7      | Got a warped trident
  8119 | D:7      | Identified the +9 trident "Yduocux" {speed, rPois} (You found it on level 7 of the Dungeon)
  8245 | D:7      | Reached skill level 8 in Conjurations
  8267 | D:7      | Reached XP level 9. HP: 49/49 MP: 15/15
  8301 | D:7      | Reached skill level 9 in Conjurations
  8565 | D:7      | Learned a level 5 spell: Lightning Bolt
  8686 | D:8      | Reached * piety under Vehumet
  8686 | D:8      | Offered knowledge of Sting by Vehumet.
  8686 | D:8      | Reached skill level 1 in Air Magic
  9471 | D:8      | Reached XP level 10. HP: 56/56 MP: 17/17
  9475 | D:8      | Reached skill level 5 in Stealth
  9527 | D:8      | Found an ancient bone altar of Kikubaaqudgha.
  9859 | D:9      | Reached ** piety under Vehumet
  9859 | D:9      | Offered knowledge of Flame Tongue by Vehumet.
  9863 | D:9      | Reached skill level 5 in Air Magic
 10138 | D:9      | Found a staircase to the Orcish Mines.
 10333 | D:9      | Found a sacrificial altar of Ru.
 10333 | D:9      | Found an opulent altar of Gozag.
 10334 | D:9      | Found a deep blue altar of Sif Muna.
 10356 | D:10     | Entered Level 10 of the Dungeon
 10364 | D:10     | Noticed a two-headed ogre
 10375 | D:10     | Killed a two-headed ogre
 10375 | D:10     | Reached skill level 5 in Spellcasting
 10550 | D:10     | Reached skill level 5 in Armour
 10599 | D:10     | Offered knowledge of Throw Frost by Vehumet.
 10704 | D:10     | Learned a level 4 spell: Summon Lightning Spire
 10805 | D:10     | Reached XP level 11. HP: 60/60 MP: 19/19
 10960 | D:10     | Noticed a two-headed ogre
 10977 | D:10     | Killed a two-headed ogre
 11282 | D:10     | Reached *** piety under Vehumet
 11402 | D:10     | Found a staircase to the Lair.
 11523 | Orc:1    | Entered Level 1 of the Orcish Mines
 11714 | Lair:1   | Entered Level 1 of the Lair of Beasts
 11754 | Lair:1   | Noticed an eight-headed hydra
 11771 | Lair:1   | Killed an eight-headed hydra
 11771 | Lair:1   | Offered knowledge of Mephitic Cloud by Vehumet.
 11771 | Lair:1   | Reached skill level 10 in Conjurations
 11771 | Lair:1   | Reached skill level 1 in Summonings
 11802 | Lair:1   | Learned a level 3 spell: Mephitic Cloud
 12232 | Orc:1    | Noticed a cyclops
 12258 | Orc:1    | Noticed a stone giant
 12264 | Orc:1    | Hit by a large rock thrown by a stone giant

Skill      XL: |  1  2  3  4  5  6  7  8  9 10 11 |
---------------+----------------------------------+-----
Conjurations   | 6 7 8 9 10 | 10.0
Stealth        | 3 4 6 |  6.4
Fighting       | 1 2 3 4 |  4.3
Polearms       | 1 2 4 5 7 8 9 |  9.1
Dodging        | 3 4 5 |  5.9
Short Blades   | 1 |  1.9
Armour         | 1 2 4 5 |  5.5
Throwing       | 1 |  1.5
Spellcasting   | 3 4 5 6 |  6.1
Air Magic      | 4 7 9 |  9.8
Summonings     | 1 |  1.9
Hexes          | |  0.8

Action                   |  1- 3 |  4- 6 |  7- 9 | 10-12 || total
-------------------------+-------+-------+-------+-------++-------
Melee: Unarmed           |    13 |     3 |       |       ||    16
       Peck              |     5 |    10 |    31 |    40 ||    86
       Kick              |     4 |    16 |    47 |    38 ||   105
       Dagger            |    16 |    62 |     3 |       ||    81
       Trident           |       |    17 |    77 |   185 ||   279
       Spear             |       |     7 |   136 |       ||   143
Throw: Javelin           |       |       |     3 |     3 ||     6
 Cast: Magic Dart        |    22 |    49 |    65 |    15 ||   151
       Searing Ray       |    14 |    21 |    31 |    12 ||    78
       Dazzling Spray    |       |     4 |       |     1 ||     5
       Iskenderun's Myst |       |       |     9 |     5 ||    14
       Lightning Bolt    |       |       |       |    27 ||    27
       Summon Lightning  |       |       |       |     8 ||     8
       Mephitic Cloud    |       |       |       |     1 ||     1
 Abil: Fly               |       |     2 |     5 |       ||     7
  Use: Potion            |       |     1 |       |       ||     1
       Scroll            |       |     1 |    12 |     2 ||    15
 Stab: Sleeping          |       |     2 |     8 |     8 ||    18
       Distracted        |       |     1 |       |       ||     1
  Eat: Chunk             |     3 |     9 |    12 |    17 ||    41
       Ration            |       |     1 |     2 |     1 ||     4
Armor: Robe              |    11 |    17 |     1 |       ||    29
       Leather armour    |       |       |    23 |       ||    23
       Ring mail         |       |       |    19 |    31 ||    50
Dodge: Dodged            |    37 |    66 |   112 |    59 ||   274
Block: Other             |       |     1 |    41 |    19 ||    61
       Reflection        |       |       |     1 |       ||     1
